% Time on Ice - VICTORIA GLADIATORS
Lines # - Real PCT - Wanted PCT - Time Play
Normal Forward
1 - 33% - 36% - 15:07
2 - 28% - 31% - 12:46
3 - 22% - 23% - 10:14
4 - 17% - 10% - 7:38
Normal Defense
1 - 36% - 36% - 16:19
2 - 31% - 31% - 14:18
3 - 26% - 23% - 12:07
4 - 7% - 10% - 3:01
PP Forward
1 - 51% - 52% - 1:01
2 - 49% - 48% - 0:58
PP Defense
1 - 71% - 52% - 1:25
2 - 29% - 48% - 0:34
PK Forward
1 - 55% - 52% - 5:37
2 - 45% - 48% - 4:40
PK Defense
1 - 63% - 52% - 6:31
2 - 37% - 48% - 3:46
PK3 Forward
1 - 0% - 52%
2 - 0% - 48%
PK3 Defense
1 - 0% - 52%
2 - 0% - 48%
44 Forward
1 - 74% - 52% - 1:28
2 - 26% - 48% - 0:31
44 Defense
1 - 74% - 52% - 1:28
2 - 26% - 48% - 0:31
Last Minute Offensive  - 0:00
Last Minute Defensive  - 0:00
Total
Forward - 60:00
Defense - 60:00
% Time on Ice - EDMONTON ICE
Lines # - Real PCT - Wanted PCT - Time Play
Normal Forward
1 - 36% - 37% - 16:31
2 - 29% - 35% - 13:10
3 - 23% - 22% - 10:36
4 - 12% - 6% - 5:28
Normal Defense
1 - 37% - 36% - 16:55
2 - 32% - 34% - 14:40
3 - 27% - 23% - 12:14
4 - 4% - 7% - 1:56
PP Forward
1 - 47% - 60% - 4:51
2 - 53% - 40% - 5:26
PP Defense
1 - 55% - 55% - 5:39
2 - 45% - 45% - 4:38
PK Forward
1 - 61% - 55% - 1:13
2 - 39% - 45% - 0:46
PK Defense
1 - 61% - 55% - 1:13
2 - 39% - 45% - 0:46
PK3 Forward
1 - 0% - 55%
2 - 0% - 45%
PK3 Defense
1 - 0% - 55%
2 - 0% - 45%
44 Forward
1 - 100% - 55% - 1:59
2 - 0% - 45% - 0:00
44 Defense
1 - 40% - 55% - 0:48
2 - 60% - 45% - 1:11
Last Minute Offensive  - 0:00
Last Minute Defensive  - 0:00
Total
Forward - 60:00
Defense - 60:00
Play-by-Play 1st period 0:01 of 1st period - Ryan O'Reilly wins face-off versus Carl Soderberg in neutral zone. 0:15 of 1st period - Mikkel Boedker is hit by Colton Parayko and loses puck. 0:48 of 1st period - Patric Hornqvist is hit by Dion Phaneuf. 0:57 of 1st period - Minor Penalty to Dion Phaneuf for Hooking. 0:58 of 1st period - Lars Eller wins face-off versus Valtteri Filppula in VICTORIA GLADIATORS zone. 1:25 of 1st period - Shot by Ondrej Kase. 1:25 of 1st period - Stopped by Ukko-Pekka Luukkonen without a rebound. 1:26 of 1st period - Lars Eller wins face-off versus Ryan O'Reilly in VICTORIA GLADIATORS zone. 1:54 of 1st period - Anthony Mantha is hit by Zach Trotman and loses puck. 2:16 of 1st period - Icing by Ondrej Kase. 2:17 of 1st period - Valtteri Filppula wins face-off versus Frans Nielsen in EDMONTON ICE zone. 2:24 of 1st period - Shot by Conor Sheary. 2:24 of 1st period - Stopped by Ukko-Pekka Luukkonen without a rebound. 2:25 of 1st period - Lars Eller wins face-off versus Valtteri Filppula in VICTORIA GLADIATORS zone. 3:35 of 1st period - Shot by Marcus Foligno. 3:35 of 1st period - Stopped by Jake Allen without a rebound. 3:36 of 1st period - Ryan O'Reilly wins face-off versus Frans Nielsen in EDMONTON ICE zone. 3:55 of 1st period - Shot by Frans Nielsen. 3:55 of 1st period - Stopped by Jake Allen with a rebound. 3:57 of 1st period - Shot by Zach Trotman. 3:57 of 1st period - Shot Misses the Net. 3:59 of 1st period - Shot by Frans Nielsen. 3:59 of 1st period - Goal by Frans Nielsen - VICTORIA GLADIATORS : 1 - EDMONTON ICE : 0. 4:00 of 1st period - Lars Eller wins face-off versus Eric Fehr in neutral zone. 4:03 of 1st period - Shot by Nick Foligno. 4:03 of 1st period - Stopped by Jake Allen without a rebound. 4:04 of 1st period - Valtteri Filppula wins face-off versus Lars Eller in EDMONTON ICE zone. 4:11 of 1st period - Icing by Jeff Petry. 4:12 of 1st period - Frans Nielsen wins face-off versus Valtteri Filppula in EDMONTON ICE zone. 4:12 of 1st period - Frans Nielsen is hit by Jeff Petry. 4:14 of 1st period - Shot by Zack Smith. 4:14 of 1st period - Stopped by Jake Allen with a rebound. 4:27 of 1st period - Icing by Zack Smith. 4:28 of 1st period - Frans Nielsen wins face-off versus Eric Fehr in VICTORIA GLADIATORS zone. 4:58 of 1st period - Tanner Pearson is hit by Matt Bartkowski and loses puck. 5:10 of 1st period - Conor Sheary is hit by Matt Bartkowski and loses puck. 5:26 of 1st period - Icing by Valtteri Filppula. 5:27 of 1st period - Lars Eller wins face-off versus Valtteri Filppula in EDMONTON ICE zone. 6:32 of 1st period - Shot by Carl Soderberg. 6:32 of 1st period - Stopped by Jake Allen without a rebound. 6:33 of 1st period - Jason Spezza wins face-off versus Ryan O'Reilly in EDMONTON ICE zone. 6:54 of 1st period - Shot by Anthony Mantha. 6:54 of 1st period - Shot Misses the Net. 6:56 of 1st period - Shot by Ryan O'Reilly. 6:56 of 1st period - Shot Misses the Net. 7:17 of 1st period - Shot by Anthony Mantha. 7:17 of 1st period - Shot Blocked by Marcus Foligno. 7:26 of 1st period - Off-side. 7:27 of 1st period - Eric Fehr wins face-off versus Carl Soderberg in neutral zone. 7:37 of 1st period - Tanner Pearson is hit by Matt Bartkowski and loses puck. 7:42 of 1st period - Shot by Conor Sheary. 7:42 of 1st period - Stopped by Ukko-Pekka Luukkonen with a rebound. 7:44 of 1st period - Shot by Colton Parayko. 7:44 of 1st period - Shot Blocked by Carl Soderberg. 7:46 of 1st period - Shot by Tanner Pearson. 7:46 of 1st period - Stopped by Ukko-Pekka Luukkonen with a rebound. 7:48 of 1st period - Shot by Colton Parayko. 7:48 of 1st period - Shot Misses the Net. 8:05 of 1st period - Shot by Tanner Pearson. 8:05 of 1st period - Goal by Tanner Pearson - VICTORIA GLADIATORS : 1 - EDMONTON ICE : 1. 8:06 of 1st period - Loui Eriksson wins face-off versus Frans Nielsen in neutral zone. 8:06 of 1st period - Loui Eriksson is hit by Zack Smith. 8:37 of 1st period - Icing by Frans Nielsen. 8:38 of 1st period - Frans Nielsen wins face-off versus Ryan O'Reilly in VICTORIA GLADIATORS zone. 8:56 of 1st period - Shot by Frans Nielsen. 8:56 of 1st period - Shot Blocked by Oscar Klefbom. 9:06 of 1st period - Shot by Anthony Mantha. 9:06 of 1st period - Stopped by Ukko-Pekka Luukkonen with a rebound. 9:16 of 1st period - Shot by Ryan O'Reilly. 9:16 of 1st period - Shot Misses the Net. 10:10 of 1st period - Shot by Tanner Pearson. 10:10 of 1st period - Shot Misses the Net. 10:12 of 1st period - Shot by Tanner Pearson. 10:12 of 1st period - Shot Misses the Net. 10:13 of 1st period - Minor Penalty to Dion Phaneuf for Tripping. 10:14 of 1st period - Valtteri Filppula wins face-off versus Lars Eller in VICTORIA GLADIATORS zone. 10:44 of 1st period - Shot by Conor Sheary. 10:44 of 1st period - Deflect By Ondrej Kase. 10:44 of 1st period - Stopped by Ukko-Pekka Luukkonen without a rebound. 10:45 of 1st period - Frans Nielsen wins face-off versus Ryan O'Reilly in VICTORIA GLADIATORS zone. 11:16 of 1st period - Shot by Ryan O'Reilly. 11:16 of 1st period - Deflect By Anthony Mantha. 11:16 of 1st period - Stopped by Ukko-Pekka Luukkonen with a rebound. 11:18 of 1st period - Shot by Ryan O'Reilly. 11:18 of 1st period - Deflect By Anthony Mantha. 11:18 of 1st period - Shot Misses the Net. 11:20 of 1st period - Shot by Jeff Petry. 11:20 of 1st period - Stopped by Ukko-Pekka Luukkonen without a rebound. 11:21 of 1st period - Valtteri Filppula wins face-off versus Lars Eller in VICTORIA GLADIATORS zone. 11:22 of 1st period - Shot by Colton Parayko. 11:22 of 1st period - Stopped by Ukko-Pekka Luukkonen with a rebound. 11:24 of 1st period - Shot by Colton Parayko. 11:24 of 1st period - Goal by Colton Parayko - VICTORIA GLADIATORS : 1 - EDMONTON ICE : 2. 11:25 of 1st period - Lars Eller wins face-off versus Valtteri Filppula in neutral zone. 11:34 of 1st period - Shot by Nick Foligno. 11:34 of 1st period - Shot Blocked by Casey Nelson. 11:50 of 1st period - Shot by Ondrej Kase. 11:50 of 1st period - Stopped by Ukko-Pekka Luukkonen without a rebound. 11:51 of 1st period - Ryan O'Reilly wins face-off versus Frans Nielsen in VICTORIA GLADIATORS zone. 11:54 of 1st period - Shot by Anthony Mantha. 11:54 of 1st period - Stopped by Ukko-Pekka Luukkonen without a rebound. 11:55 of 1st period - Ryan O'Reilly wins face-off versus Carl Soderberg in VICTORIA GLADIATORS zone. 11:56 of 1st period - Shot by Anthony Mantha. 11:56 of 1st period - Stopped by Ukko-Pekka Luukkonen without a rebound. 11:57 of 1st period - Valtteri Filppula wins face-off versus Carl Soderberg in VICTORIA GLADIATORS zone. 13:08 of 1st period - Shot by Zack Smith. 13:08 of 1st period - Shot Blocked by Anthony Mantha. 13:11 of 1st period - Icing by Oscar Klefbom. 13:12 of 1st period - Ryan O'Reilly wins face-off versus Lars Eller in EDMONTON ICE zone. 13:16 of 1st period - Off-side. 13:17 of 1st period - Lars Eller wins face-off versus Eric Fehr in neutral zone. 13:17 of 1st period - Lars Eller is hit by Tanner Pearson. 13:21 of 1st period - Shot by Torey Krug. 13:21 of 1st period - Stopped by Jake Allen without a rebound. 13:22 of 1st period - Lars Eller wins face-off versus Ryan O'Reilly in EDMONTON ICE zone. 14:05 of 1st period - Shot by Anthony Mantha. 14:05 of 1st period - Stopped by Ukko-Pekka Luukkonen with a rebound. 14:06 of 1st period - Minor Penalty to Dion Phaneuf for Hooking. 14:07 of 1st period - Valtteri Filppula wins face-off versus Frans Nielsen in VICTORIA GLADIATORS zone. 14:12 of 1st period - Shot by Valtteri Filppula. 14:12 of 1st period - Shot Blocked by Frans Nielsen. 14:14 of 1st period - Shot by Valtteri Filppula. 14:14 of 1st period - Stopped by Ukko-Pekka Luukkonen without a rebound. 14:15 of 1st period - Frans Nielsen wins face-off versus Valtteri Filppula in VICTORIA GLADIATORS zone. 14:34 of 1st period - Shot by Valtteri Filppula. 14:34 of 1st period - Deflect By Ondrej Kase. 14:34 of 1st period - Stopped by Ukko-Pekka Luukkonen without a rebound. 14:35 of 1st period - Ryan O'Reilly wins face-off versus Frans Nielsen in VICTORIA GLADIATORS zone. 15:10 of 1st period - Shot by Ryan O'Reilly. 15:10 of 1st period - Stopped by Ukko-Pekka Luukkonen with a rebound. 15:12 of 1st period - Shot by Ryan O'Reilly. 15:12 of 1st period - Stopped by Ukko-Pekka Luukkonen with a rebound. 16:13 of 1st period - Shot by Brendan Perlini. 16:13 of 1st period - Stopped by Ukko-Pekka Luukkonen without a rebound. 16:14 of 1st period - Oscar Lindberg wins face-off versus Jason Spezza in VICTORIA GLADIATORS zone. 16:25 of 1st period - Shot by Oscar Lindberg. 16:25 of 1st period - Shot Blocked by Dion Phaneuf. 16:48 of 1st period - Loui Eriksson is hit by Dion Phaneuf and loses puck. 17:26 of 1st period - Shot by Tanner Pearson. 17:26 of 1st period - Stopped by Ukko-Pekka Luukkonen with a rebound. 17:28 of 1st period - Shot by Colton Parayko. 17:28 of 1st period - Shot Misses the Net. 17:48 of 1st period - Shot by Ryan O'Reilly. 17:48 of 1st period - Shot Misses the Net. 17:50 of 1st period - Shot by Anthony Mantha. 17:50 of 1st period - Stopped by Ukko-Pekka Luukkonen with a rebound. 17:52 of 1st period - Shot by Anthony Mantha. 17:52 of 1st period - Stopped by Ukko-Pekka Luukkonen without a rebound. 17:53 of 1st period - Ryan O'Reilly wins face-off versus Frans Nielsen in VICTORIA GLADIATORS zone. 18:06 of 1st period - Shot by Patric Hornqvist. 18:06 of 1st period - Shot Misses the Net. 18:26 of 1st period - Shot by Anthony Mantha. 18:26 of 1st period - Stopped by Ukko-Pekka Luukkonen without a rebound. 18:27 of 1st period - Valtteri Filppula wins face-off versus Lars Eller in VICTORIA GLADIATORS zone. 18:44 of 1st period - Shot by Torey Krug. 18:44 of 1st period - Stopped by Jake Allen without a rebound. 18:45 of 1st period - Carl Soderberg wins face-off versus Conor Sheary in EDMONTON ICE zone. 18:46 of 1st period - Shot by Mikkel Boedker. 18:46 of 1st period - Goal by Mikkel Boedker - VICTORIA GLADIATORS : 2 - EDMONTON ICE : 2. 18:47 of 1st period - Valtteri Filppula wins face-off versus Carl Soderberg in neutral zone. 18:51 of 1st period - Off-side. 18:52 of 1st period - Carl Soderberg wins face-off versus Ondrej Kase in neutral zone. 19:07 of 1st period - Shot by Carl Soder